 Dungeon Crawl Stone Soup version 0.18.1-48-g4cf74bf (webtiles) character file.

168 quazi the Slasher (level 5, 0/48 HPs)
             Began as a Minotaur Berserker on Aug 21, 2016.
             Was a Believer of Trog.
             Slain by rogsnak's ghost (2 damage)
             ... on level 4 of the Dungeon.
             The game lasted 00:18:41 (3029 turns).

quazi the Slasher (Minotaur Berserker)              Turns: 3029, Time: 00:18:41

Health: 0/48       AC:  9    Str: 15 (18) XL:     5   Next: 24%
Magic:  4/4        EV:  7    Int: -1 (2)  God:    Trog [**....]
Gold:   182        SH:  0    Dex: 10      Spells: 0 memorised, 4 levels left

rFire  . . .     SeeInvis .     a - +0 falchion
rCold  . . .     Gourm    .     i - +0 chain mail
rNeg   . . .     Faith    .     (no shield)
rPois  .         Spirit   .     (helmet restricted)
rElec  .         Dismiss  .     l - +0 cloak
rCorr  .         Reflect  .     (no gloves)
SustAt .         Harm     .     (no boots)
MR     .....                    (no amulet)
Stlth  ..........               (no ring)
                                (no ring)

@: confused, exhausted, slowed, lost intelligence, glowing, very heavily
drained, very slow, not resistant to hostile enchantments, extremely unstealthy
A: retaliatory headbutt, horns 2, blurry vision 1, dopey 1, weak 2, wild magic
1, sturdy frame 1
a: Berserk, Trog's Hand, Burn Spellbooks, Renounce Religion


You were on level 4 of the Dungeon.
You worshipped Trog.
Trog was pleased with you.
You were not hungry.

You visited 1 branch of the dungeon, and saw 4 of its levels.

You collected 182 gold pieces.

Inventory:

Hand Weapons
 a - a +0 falchion (weapon)
 d - a +0 hand axe
 h - a +0 club
 k - a +0 short sword
 n - a +0 hunting sling
 o - a +0 whip of electrocution
 w - a +0 rapier
 y - a +0 trident
Missiles
 g - 62 stones (quivered)
 q - 39 arrows
 u - 4 large rocks
 v - 14 bolts
Armour
 b - a +0 animal skin
 e - a +0 robe
 f - a +0 leather armour
 i - a +0 chain mail (worn)
 l - a +0 cloak (worn)
 z - a +0 ring mail
Jewellery
 s - a +4 ring of dexterity {unknown}
Scrolls
 c - 2 scrolls of teleportation
 r - 3 scrolls of magic mapping {unknown}
 x - a scroll of identify
Comestibles
 j - 2 slices of pizza
 t - a bread ration


   Skills:
 + Level 5.0(0.0) Fighting
 + Level 5.1(0.0) Long Blades
 + Level 0.2(0.0) Slings
 + Level 3.4(0.0) Armour
 + Level 2.9(0.0) Dodging
 + Level 0.5(0.0) Stealth


You had 4 spell levels left.
You didn't know any spells.

Dungeon Overview and Level Annotations

Branches:
Dungeon (4/15)
 Temple: D:4-7

Altars:
Gozag
Kikubaaqudgha
Pakellas
Sif Muna

Annotations:
D:4 rogsnak's ghost, amateur SpEn


Innate Abilities, Weirdness & Mutations

You reflexively headbutt those who attack you in melee.
You have a pair of horns on your head.
Scrolls take you a little longer to read.
You are dopey. (Int -2)
You are very weak. (Str -4)
Your spells are a little harder to cast, but a little more powerful.
Your movements are slightly less encumbered by armour (ER -2).


Message History

Rogsnak's ghost gestures at you while chanting.
You are confused.
Rogsnak's ghost hits you.
* * * LOW HITPOINT WARNING * * *
You feel drained.
You completely miss rogsnak's ghost.
Rogsnak's ghost is moderately damaged.
Rogsnak's ghost closely misses you.
Rogsnak's ghost hits you but does no damage.
You feel drained. Rogsnak's ghost hits you.
* * * LOW HITPOINT WARNING * * *
You feel drained.
* * * LOW HITPOINT WARNING * * *
Rogsnak's ghost casts a spell at you.
You fall asleep.
Rogsnak's ghost hits you.
You wake up.
* * * LOW HITPOINT WARNING * * *
You feel drained.
You die...

##################.#.###.##
..........................#
#####.......######.#.######
#.......# #.#.# #...[...#
#.#.# #.......# #.#.#
#####.......# #.#.#
.[..........# #.#.#
.........W@.# #.#.#
............(# #.#.#
.............#### #.#
................... #.#
.............###### #.#
###.######### #.# #.


You could see rogsnak's ghost.

Vanquished Creatures
  An orc wizard (D:3)
  A gnoll (D:3)
  5 adders
  2 oozes (D:2)
  2 worms
  5 dart slugs
  2 giant geckos
  3 orcs (D:3)
  6 bats
  2 giant cockroaches
  5 goblins
  10 hobgoblins
  6 kobolds
  A quokka (D:3)
  A ball python (D:2)
  3 giant newts
  4 rats
59 creatures vanquished.

Vanquished Creatures (others)
  A troll (D:2)
1 creature vanquished.

Grand Total: 60 creatures vanquished

Notes
Turn   | Place    | Note
--------------------------------------------------------------
     0 | D:1      | quazi the Minotaur Berserker began the quest for the Orb.
     0 | D:1      | Reached XP level 1. HP: 19/19 MP: 0/0
   161 | D:1      | Reached XP level 2. HP: 17/27 MP: 1/1
   820 | D:2      | Reached XP level 3. HP: 20/33 MP: 2/2
  1124 | D:2      | Gained mutation: Your spells are a little harder to cast, but a little more powerful. [potion of mutation]
  1124 | D:2      | Gained mutation: Your movements are slightly less encumbered by armour (ER -2). [potion of mutation]
  1124 | D:2      | Gained mutation: You are dopey. (Int -2) [potion of mutation]
  1175 | D:2      | Reached ** piety under Trog
  1218 | D:2      | Reached XP level 4. HP: 37/41 MP: 3/3
  1293 | D:2      | Gained mutation: Scrolls take you a little longer to read. [potion of mutation]
  1293 | D:2      | Gained mutation: You are weak. (Str -2) [potion of mutation]
  1293 | D:2      | Gained mutation: You are very weak. (Str -4) [potion of mutation]
  1414 | D:2      | Found an oddly glowing altar of Pakellas.
  1414 | D:2      | Noticed an orange crystal statue
  1415 | D:2      | Noticed a troll
  1425 | D:2      | Killed a troll
  1840 | D:3      | Found an ancient bone altar of Kikubaaqudgha.
  1970 | D:3      | Lost intelligence.
  2433 | D:3      | Found an opulent altar of Gozag.
  2519 | D:3      | Found a deep blue altar of Sif Muna.
  2665 | D:3      | Reached XP level 5. HP: 28/47 MP: 4/4
  2672 | D:3      | Reached skill level 5 in Fighting
  2672 | D:3      | Reached skill level 5 in Long Blades
  2766 | D:4      | Noticed rogsnak's ghost (amateur SpEn)
  3029 | D:4      | HP: 2/48 [rogsnak's ghost (4)]
  3029 | D:4      | Slain by rogsnak's ghost

Skill      XL: |  1  2  3  4  5 |
---------------+----------------+-----
Fighting       | 4 5 |  5.0
Long Blades    | 4 5 |  5.1
Armour         | 3 |  3.4
Slings         | |  0.2
Dodging        | |  2.9
Stealth        | |  0.5

Action                   |  1- 3 |  4- 6 || total
-------------------------+-------+-------++-------
Melee: Falchion          |    53 |   240 ||   293
       Headbutt          |     8 |    15 ||    23
 Fire: Hunting sling     |       |     1 ||     1
Invok: Berserk           |       |     4 ||     4
       Trog's Hand       |       |     4 ||     4
  Use: Scroll            |     6 |     1 ||     7
       Potion            |     3 |     5 ||     8
  Eat: Bread ration      |     1 |     1 ||     2
       Beef jerky        |       |     1 ||     1
       Meat ration       |       |     1 ||     1
Armor: Chain mail        |    29 |   232 ||   261
Dodge: Dodged            |    38 |   108 ||   146
